 Dungeon Crawl Stone Soup version 0.21.1-1-g345015f (webtiles) character file.

515 Mirai the Thaumaturge (level 7, -1/36 HPs)
             Began as a Deep Elf Conjurer on Mar 26, 2018.
             Was an Initiate of Vehumet.
             Slain by a wight
             ... wielding a cursed +0 flail
              (5 damage)
             ... on level 6 of the Dungeon.
             The game lasted 00:09:05 (3293 turns).

Mirai the Thaumaturge (Deep Elf Conjurer)           Turns: 3293, Time: 00:09:06

Health: -1/36      AC:  3    Str:  5      XL:     7   Next: 0%
Magic:  18/20      EV: 11    Int: 21 (22) God:    Vehumet [......]
Gold:   205        SH:  0    Dex: 15      Spells: 11/22 levels left

rFire    . . .     SeeInvis +   o - +2 falchion (holy)
rCold    . . .     Gourm    .   (no shield)
rNeg     . . .     Faith    .   v - +0 leather armour {rPois}
rPois    +         Spirit   .   (no helmet)
rElec    .         Reflect  .   (no cloak)
rCorr    .         Harm     .   (no gloves)
MR       .....                  (no boots)
Stlth    ++........             (no amulet)
HPRegen  0.12/turn              x - ring of see invisible
MPRegen  0.17/turn              (no ring)

@: drained
A: no striking features
a: Renounce Religion


You were on level 6 of the Dungeon.
You worshipped Vehumet.
Vehumet was noncommittal.
You were not hungry.

You visited 2 branches of the dungeon, and saw 6 of its levels.

You collected 205 gold pieces.

Inventory:

Hand Weapons
 o - a +2 falchion of holy wrath (weapon)
 s - a +0 antimagic spear
Armour
 e - a +0 robe of positive energy
 v - a +0 leather armour of poison resistance (worn)
Magical Staves
 d - a cursed staff of death {unknown}
Jewellery
 f - an uncursed ring of magical power {unknown}
 j - an uncursed ring of ice
 x - a ring of see invisible (left hand)
Scrolls
 a - 2 scrolls of enchant armour {unknown}
 g - 5 scrolls of identify {unknown}
 h - a scroll of remove curse {unknown}
 i - a scroll of noise {unknown}
 l - 2 scrolls of teleportation {unknown}
 m - a scroll of random uselessness {unknown}
 q - 2 scrolls of fog {unknown}
 r - 2 scrolls of amnesia {unknown}
 u - a scroll of immolation {unknown}
Potions
 k - 4 potions of curing {unknown}
 n - a potion of heal wounds {unknown}
 t - a potion of brilliance {unknown}
Books
 b - a book of Conjurations

   Spells                             Type                      Level
   a - Magic Dart                     Conjuration                  1
   b - Searing Ray                    Conjuration                  2
   c - Dazzling Spray                 Conjuration/Hexes            3
   d - Fulminant Prism                Conjuration/Hexes            4
   e - Force Lance                    Conjuration/Translocation    4
   f - Iskenderun's Mystic Blast      Conjuration                  4
Comestibles
 c - 10 rations
 w - 9 chunks of flesh


   Skills:
 - Level 2.4(2.0) Dodging
 - Level 2.4(2.0) Stealth
 + Level 8.4(8.0) Spellcasting
 + Level 5.4(5.1) Conjurations
 + Level 3.6(3.2) Hexes


You had 11 spell levels left.
You knew the following spells:

 Your Spells              Type           Power        Failure   Level  Hunger
a - Magic Dart            Conj           ####         1%          1    None
b - Searing Ray           Conj           ####..       2%          2    None
c - Iskenderun's Mystic   Conj           ####....     16%         4    ###....
d - Fulminant Prism       Conj/Hex       ####......   24%         4    ###....


Dungeon Overview and Level Annotations

Branches:
Dungeon (4/15)             Temple (1/1) D:4

Altars:
Gozag
Kikubaaqudgha
Nemelex Xobeh
Sif Muna
Trog
Vehumet
Zin

Shops:
D:6 ?


Message History

The wight hits you with an enchanted flail.
The wight hits you but does no damage.
You completely miss the wight.
The wight is almost destroyed.
You feel less wooden.
Your +0 leather armour of poison resistance unmelds from your body.
You feel resistant to poison.
The wight hits you with an enchanted flail!
* * * LOW HITPOINT WARNING * * *
The wight hits you with a flail.
* * * LOW HITPOINT WARNING * * *
Casting: Searing Ray
Confirm with . or Enter, or press ? or * to list all spells.
Aiming: Searing Ray
Press: ? - help, Shift-Dir - straight line, f/p - wight
Aim: a wight, wielding an enchanted flail and wearing a robe The searing ray misses the wight. (Press . to maintain the ray.)
The wight barely misses you. The wight hits you with a flail.
You die...

#### #...# ###
#...#### #.#
#......###>#
######.....)#...#
#...............#.#
..# ###......###.#
.## ###......##@z#
...###........##z##
##...........###z#
.........#.## #)#
##..#......# #.#
##..........# #.#
#..##.......# ..#
#.#.........# .##
...........##


You could see 3 wights.

Vanquished Creatures
  A water moccasin zombie (D:6)
  2 wights (D:6)
  An orc priest (D:4)
  4 orc wizards
  A bullfrog skeleton (D:6)
  A worker ant (D:6)
  Terence (D:2)
  Robin (D:2)
  An adder (D:3)
  3 gnolls (D:6)
  2 oozes
  A worm (D:2)
  2 leopard geckos
  12 orcs
  2 ball pythons
  5 bats
  3 giant cockroaches
  15 goblins
  12 hobgoblins
  11 jackals
  A quokka (D:6)
  A ball python skeleton (D:4)
  6 kobolds
  3 rats
92 creatures vanquished.

Notes
Turn   | Place    | Note
-------+----------+-------------------------------------------
     0 | D:1      | Mirai the Deep Elf Conjurer began the quest for the Orb.
     0 | D:1      | Reached XP level 1. HP: 10/10 MP: 6/6
   124 | D:1      | Reached skill level 4 in Spellcasting
   124 | D:1      | Reached XP level 2. HP: 11/15 MP: 1/9
   589 | D:1      | Reached XP level 3. HP: 10/19 MP: 3/11
   634 | D:1      | Reached skill level 5 in Spellcasting
   895 | D:2      | Learned a level 2 spell: Searing Ray
  1048 | D:2      | Noticed Robin
  1242 | D:2      | Killed Robin
  1242 | D:2      | Reached skill level 6 in Spellcasting
  1242 | D:2      | Reached XP level 4. HP: 23/24 MP: 10/14
  1316 | D:2      | Found a sparkling altar of Nemelex Xobeh.
  1505 | D:2      | Noticed Terence
  1527 | D:2      | Killed Terence
  2169 | D:3      | Reached skill level 7 in Spellcasting
  2222 | D:3      | Learned a level 4 spell: Iskenderun's Mystic Blast
  2227 | D:3      | Learned a level 4 spell: Fulminant Prism
  2523 | D:4      | Reached XP level 5. HP: 28/28 MP: 12/16
  2831 | D:4      | Reached skill level 1 in Hexes
  2971 | D:4      | Found a staircase to the Ecumenical Temple.
  3002 | Temple   | Entered the Ecumenical Temple
  3009 | Temple   | Became a worshipper of Vehumet
  3122 | D:4      | You fall through a shaft for 2 floors!
  3133 | D:6      | Reached XP level 6. HP: 23/32 MP: 0/18
  3142 | D:6      | Found Vuinuisi's Magic Scroll Boutique.
  3181 | D:6      | Reached skill level 8 in Spellcasting
  3181 | D:6      | Reached skill level 5 in Conjurations
  3286 | D:6      | Reached XP level 7. HP: 34/36 MP: 20/20
  3293 | D:6      | Slain by a wight

Skill      XL: |  1  2  3  4  5  6 |
---------------+-------------------+-----
Spellcasting   | 4 6 7 8 |  8.4
Hexes          | 2 3 |  3.6
Conjurations   | 5 |  5.4
Dodging        | |  2.4
Stealth        | |  2.4

Action                   |  1- 3 |  4- 6 |  7- 9 || total
-------------------------+-------+-------+-------++-------
Melee: Unarmed           |     9 |       |       ||     9
       Dagger            |     1 |       |       ||     1
       Falchion          |       |    43 |     6 ||    49
 Cast: Magic Dart        |    81 |    74 |       ||   155
       Searing Ray       |     4 |     8 |     1 ||    13
       Iskenderun's Myst |       |    11 |       ||    11
  Use: Potion            |       |     7 |       ||     7
  Eat: Chunk             |     1 |     7 |       ||     8
Armor: Robe              |     6 |     4 |       ||    10
       Skin              |       |    60 |     5 ||    65
       Leather armour    |       |    10 |       ||    10
Dodge: Dodged            |    37 |    44 |     1 ||    82
       Rpst.: Falchion   |       |    10 |       ||    10
